 Dungeon Crawl Stone Soup version 0.28.0-53-g5a82cb258f (webtiles) character file.

Game seed: 18034687959906766596

14342 cbfl8 the Cleaver (level 11, -3/86 HPs)
             Began as a Demonspawn Berserker on Sept 11, 2022.
             Was an Elder of Trog.
             Killed from afar by a molten gargoyle (17 damage)
             ... with a bolt of magma
             ... on level 12 of the Dungeon.
             The game lasted 00:17:44 (16622 turns).

cbfl8 the Cleaver (Demonspawn Berserker)           Turns: 16622, Time: 00:17:45

Health: -3/86      AC: 20    Str: 17    XL:     11   Next: 87%
Magic:  11/11      EV: 18    Int:  8    God:    Trog [****..]
Gold:   685        SH:  5    Dex: 18    Spells: 10/10 levels left

rFire   . . .      SeeInvis .   x - +2 broad axe (flame)
rCold   + . .      Faith    .   (no shield)
rNeg    . . .      Spirit   .   n - +6 chain mail of the Orcish Mines {Will+}
rPois   .          Reflect  +   y - +1 hat {Stlth+}
rElec   .          Harm     .   (no cloak)
rCorr   .          Rampage  .   (gloves unavailable)
Will    +....                   d - +0 pair of boots
Stlth   ..........              i - amulet of reflection
HPRegen 0.24/turn               l - ring of the Hare {EV+8}
MPRegen 0.12/turn               p - ring of protection from cold

@: no status effects
A: claws 3, icy blue scales 1, foul stench 1, spiny 1
a: Renounce Religion, Berserk, Trog's Hand, Brothers in Arms


You were on level 12 of the Dungeon.
You worshipped Trog.
Trog was greatly pleased with you.
You visited 1 branch of the dungeon, and saw 12 of its levels.

You collected 735 gold pieces.
You spent 50 gold pieces at shops.

Inventory:

Hand Weapons
 x - a +2 broad axe of flaming (weapon)
Missiles
 v - a throwing net
Armour
 d - a +0 pair of boots (worn)
 n - the +6 chain mail of the Orcish Mines (worn) {Will+}
   (You found it on level 3 of the Dungeon)

   Will:      It increases your willpower.
 y - a +1 hat of stealth (worn)
Jewellery
 i - an amulet of reflection (around neck)
 l - the ring of the Hare (left claw) {EV+8}
   (You found it on level 2 of the Dungeon)

   [ring of evasion]

   EV:        It affects your evasion (+8).
 p - a ring of protection from cold (right claw)
 A - an amulet of regeneration
Wands
 a - a wand of mindburst (9) (quivered)
 o - a wand of charming (6)
 z - a wand of iceblast (14)
 G - a wand of acid (2)
Scrolls
 c - 2 scrolls of fog
 f - a scroll of enchant armour {unknown}
 g - 2 scrolls of enchant weapon
 k - 4 scrolls of noise
 m - a scroll of fear
 t - a scroll of acquirement {unknown}
 w - 2 scrolls of immolation {unknown}
 C - 3 scrolls of blinking {unknown}
 D - 3 scrolls of magic mapping
 F - 2 scrolls of identify
Potions
 b - 3 potions of brilliance {unknown}
 e - a potion of might {unknown}
 h - 2 potions of curing
 j - 4 potions of flight {unknown}
 q - a potion of lignification {unknown}
 r - a potion of mutation {unknown}
 s - 4 potions of degeneration {unknown}
 u - a potion of ambrosia {unknown}
 B - a potion of haste {unknown}
 E - a potion of attraction {unknown}
 H - a potion of invisibility {unknown}


   Skills:
 * Level 8.0 Fighting
 * Level 12.6 Axes
 + Level 6.0 Armour
 * Level 6.0 Dodging
 + Level 0.6 Stealth
 + Level 3.4 Shields
 * Level 6.7 Evocations


You had 10 spell levels left.
You didn't know any spells.
Your spell library was empty.

Dungeon Overview and Level Annotations

Branches:
Dungeon (12/15)            Temple (0/1) D:4            Lair (0/6) D:10
    Orc: D:9-12

Altars:
Cheibriados
Elyvilon
Fedhas
Gozag
Hepliaklqana
Okawaru
Qazlal
Ru
Sif Muna
Trog
Uskayaw
Wu Jian
Yredelemnul

Shops:
D:6 !   D:7 [   D:12 !


Innate Abilities, Weirdness & Mutations

You have claws for hands.
You are partially covered in icy blue scales. (AC +2)
You may rarely emit foul miasma when damaged in melee.
You are partially covered in sharp spines.


Message History

There is a stone staircase leading down, spattered with blood here.
You start resting.
HP restored.
You start waiting.
Done waiting.
You see here a +0 morningstar.
There is an open door here.
You see here a +0 glaive.
There is an open door here.
You open the door.
There is an open door here.
There is a stone staircase leading down here.
You climb downwards.
Found 18 bolts and a scroll labelled VISEIG OPTAUNG.
There is a stone staircase leading up here.
w - 2 scrolls labelled VISEIG OPTAUNG (gained 1)
There is a stone staircase leading up here.
Found a stone staircase leading down.
There is a stone staircase leading down here.
A molten gargoyle comes into view. It is wielding a +0 flail.
Found a scroll labelled VISEIG OPTAUNG and a chain mail.
A molten gargoyle and a lava snake come into view.
The lava snake hisses angrily.
The molten gargoyle hits you with a +0 dire flail.
You are engulfed in flames!
You emit a cloud of foul miasma!
The molten gargoyle blasts magma at you!
The bolt of magma hits you!
The molten gargoyle blasts magma at you!
The bolt of magma hits the lava snake!
The lava snake partially resists.
The bolt of magma hits you!! The lava snake spits lava at you.
The glob of lava hits you!!
* * * LOW HITPOINT WARNING * * *
You feel better.
The molten gargoyle blasts magma at you!
The bolt of magma hits you!
* * * LOW HITPOINT WARNING * * *
The molten gargoyle blasts magma at you!
The bolt of magma hits you!
You die...

## ## #.#.# ...####
#.#.#.# #..[...#.9.≈.≈.
#?#..≈9≈≈§≈
###@#.≈≈≈§§§
##..#.§§§88§§.#.
#####..#.#.§§88§§..##
#...>.###.§§≈§≈≈≈.#.#
#.######.#§≈§§≈≈§..#
#.# ##.§.§.≈...# ##<###
#.#.#§#.#.# #....###
#.#.#.#.#
##.#(...##......?####.#


You could see 2 molten gargoyles.

Vanquished Creatures
  Gastronok (D:8)
  A boulder beetle (D:11)
  Harold (D:8)
  2 hydras (D:11)
  A death knight (D:11)
  A two-headed ogre (D:7)
  Sonja (D:10)
  A manticore (D:12)
  Joseph (D:7)
  A molten gargoyle (D:11)
  Maggie (D:8)
  An unseen horror (D:11)
  A komodo dragon (D:11)
  3 trolls
  13 yaks
  A shadow (D:11)
  A vampire (D:11)
  A wyvern (D:10)
  2 humans (D:10)
  Eustachio (D:4)
  2 steam dragons
  Edmund (D:6)
  2 acid dragons
  2 water moccasins
  Duvessa (D:4)
  An orc warrior (D:7)
  3 sky beasts (D:7)
  A black bear (D:8)
  5 ogres
  2 centaurs
  4 bullfrogs
  A gnoll sergeant (D:9)
  Blork the orc (D:4)
  3 scorpions
  Dowan (D:4)
  6 killer bees
  A wyvern skeleton (D:6)
  10 wights
  A howler monkey (D:7)
  A centaur zombie (D:9)
  A gnoll shaman (D:7)
  2 hounds
  3 orc priests
  2 centaur skeletons (D:7)
  A bullfrog skeleton (D:5)
  An iguana (D:5)
  3 orc wizards
  A killer bee zombie (D:6)
  A hound zombie (D:5)
  A hound skeleton (D:5)
  4 gnolls (D:9)
  2 howler monkey skeletons
  5 adders
  A white imp (D:6)
  An ufetubus (D:6)
  5 dart slugs
  27 orcs
  4 bats
  12 endoplasms
  6 giant cockroaches
  11 goblins
  8 hobgoblins
  5 quokkas
  9 ball pythons
  5 frilled lizards
  A kobold (D:4)
  4 rats
211 creatures vanquished.

Vanquished Creatures (others)
  A wizard (D:6)
  2 demonic plants (D:1)
  A fungus (D:1)
  2 plants (D:1)
  2 withered plants (D:1)
8 creatures vanquished.

Grand Total: 219 creatures vanquished

Notes
Turn   | Place    | Note
-------+----------+-------------------------------------------
     0 | D:1      | cbfl8 the Demonspawn Berserker began the quest for the Orb.
     0 | D:1      | Reached XP level 1. HP: 18/18 MP: 1/1
   736 | D:1      | Found a faded altar of an unknown god.
   742 | D:1      | Gained mutation: You are partially covered in icy blue
                  | scales. (AC +2) [demonic ancestry]
   742 | D:1      | Reached XP level 2. HP: 20/24 MP: 2/2
   824 | D:1      | Reached skill level 3 in Axes
  1370 | D:1      | Gained mutation: You may rarely emit foul miasma when
                  | damaged in melee. [demonic ancestry]
  1370 | D:1      | Reached XP level 3. HP: 29/29 MP: 3/3
  1966 | D:2      | Reached skill level 1 in Evocations
  2009 | D:2      | Reached ** piety under Trog
  2073 | D:2      | Found the ring of the Hare {EV+8}
  2437 | D:2      | Gained mutation: You have sharp fingernails. [demonic
                  | ancestry]
  2437 | D:2      | Reached XP level 4. HP: 9/36 MP: 4/4
  3120 | D:3      | Identified the +6 chain mail of the Orcish Mines {Will+}
  3143 | D:3      | Found a hide-covered altar of Uskayaw.
  3146 | D:3      | Noticed a +0 dagger
  3146 | D:3      | Noticed a +0 hand axe
  3926 | D:4      | Found an opulent altar of Gozag.
  4121 | D:4      | Found a staircase to the Ecumenical Temple.
  4151 | D:4      | Noticed Dowan
  4152 | D:4      | Noticed Duvessa
  4156 | D:4      | Noticed Blork the orc
  4158 | D:4      | Killed Dowan
  4159 | D:4      | Reached skill level 4 in Axes
  4159 | D:4      | Gained mutation: You have very sharp fingernails. [demonic
                  | ancestry]
  4159 | D:4      | Reached XP level 5. HP: 42/42 MP: 5/5
  4165 | D:4      | Killed Duvessa
  4166 | D:4      | Reached XP level 6. HP: 34/48 MP: 6/6
  4168 | D:4      | Killed Blork the orc
  4169 | D:4      | Reached skill level 1 in Shields
  4849 | D:4      | Reached *** piety under Trog
  4897 | D:4      | Noticed Eustachio
  4904 | D:4      | Killed Eustachio
  4905 | D:4      | Reached skill level 5 in Axes
  5165 | D:5      | Entered Level 5 of the Dungeon
  5182 | D:5      | Reached XP level 7. HP: 54/54 MP: 7/7
  5633 | D:5      | Found an ornate altar of the Wu Jian Council.
  5983 | D:5      | Reached skill level 6 in Axes
  6403 | D:5      | Reached XP level 8. HP: 61/61 MP: 8/8
  6444 | D:5      | Found a sacrificial altar of Ru.
  6711 | D:6      | Noticed Edmund
  6728 | D:6      | Killed Edmund
  6821 | D:6      | Found a hazy altar of Hepliaklqana.
  6822 | D:6      | Found a basalt altar of Yredelemnul.
  6822 | D:6      | Found a blossoming altar of Fedhas.
  6823 | D:6      | Found a stormy altar of Qazlal.
  6828 | D:6      | Reached skill level 7 in Axes
  6859 | D:6      | Reached skill level 5 in Fighting
  7002 | D:6      | Found Itefeek's Distillery.
  7012 | D:6      | Bought a potion of heal wounds for 50 gold pieces
  7079 | D:6      | Found a bloodstained altar of Trog.
  7080 | D:6      | Noticed a wizard
  7085 | D:6      | Killed a wizard
  7117 | D:7      | Noticed Joseph
  7132 | D:7      | Killed Joseph
  7502 | D:7      | Reached XP level 9. HP: 68/68 MP: 9/9
  7937 | D:7      | Found Xenyruir's Antique Armour Shop.
  7993 | D:7      | Reached skill level 8 in Axes
  8177 | D:7      | Noticed a two-headed ogre
  8191 | D:7      | Killed a two-headed ogre
  8205 | D:7      | Reached skill level 9 in Axes
  8655 | D:7      | Reached skill level 5 in Evocations
  8733 | D:7      | Reached **** piety under Trog
  9345 | D:8      | Noticed Harold
  9369 | D:8      | Killed Harold
  9370 | D:8      | Gained mutation: You have claws for hands. [demonic
                  | ancestry]
  9370 | D:8      | Reached XP level 10. HP: 30/76 MP: 10/10
  9945 | D:7      | Reached skill level 10 in Axes
 10471 | D:8      | Noticed Gastronok
 10490 | D:8      | Killed Gastronok
 10859 | D:8      | Noticed Maggie
 10869 | D:8      | Killed Maggie
 10870 | D:8      | Reached skill level 5 in Dodging
 11608 | D:9      | Reached skill level 11 in Axes
 11634 | D:10     | Entered Level 10 of the Dungeon
 11634 | D:10     | Noticed Sonja
 11655 | D:10     | Found a staircase to the Lair.
 12258 | D:9      | Gained mutation: You are partially covered in sharp spines.
                  | [demonic ancestry]
 12258 | D:9      | Reached XP level 11. HP: 58/84 MP: 11/11
 12632 | D:9      | Reached skill level 5 in Armour
 13255 | D:10     | Found an iron altar of Okawaru.
 13801 | D:10     | Killed Sonja
 14016 | D:10     | Found a shimmering blue altar of Sif Muna.
 14016 | D:10     | Found a snail-covered altar of Cheibriados.
 14284 | D:11     | Reached skill level 12 in Axes
 14534 | D:11     | Noticed a death knight
 14549 | D:11     | Killed a death knight
 15065 | D:11     | Noticed a four-headed hydra
 15071 | D:11     | Killed a one-headed hydra
 15181 | D:11     | Noticed an eight-headed hydra
 15188 | D:11     | Killed a four-headed hydra
 15508 | D:11     | Noticed a boulder beetle
 15528 | D:11     | Killed a boulder beetle
 15698 | D:12     | Found Wenouni's Distillery.
 16622 | D:12     | Killed from afar by a molten gargoyle

Illustrated notes

Levels and vault maps discovered:
D:1:      saegor_arrival_fortress, layout_loops_ring,
          shapermc_ecumenical_altar_gd, minmay_misc_feat_five
D:2:      layout_rooms
D:3:      layout_basic, dancing_weapons_uskayaw
D:4:      layout_basic, nicolae_gozag_seed_capital,
          minmay_temple_entry_drinking_statues, lemuel_old_faithful,
          uniq_eustachio, uniq_duvessa, uniq_blork_the_orc
D:5:      layout_loops_ring, mainiacjoe_overflow_catwalk,
          nzn_wu_jian_contemplation
D:6:      layout_rooms, trog_wizard, mainiacjoe_overflow_chevrons,
          chequers_temple_overflow_statue_of_worship, serial_shops,
          nicolae_lakefront_shop, uniq_edmund
D:7:      minmay_octagon_keep, layout_loops_ring, serial_shops, kennysheep_mini,
          grunt_ministairs_1, uniq_joseph
D:8:      layout_basic, uniq_gastronok, uniq_harold, uniq_maggie
D:9:      layout_basic
D:10:     layout_roguey, nicolae_overflow_hidden_temple, okawaru_humans,
          lair_entry_dummy, uniq_sonja
D:11:     layout_basic
D:12:     kennysheep_four_of_diamonds, layout_rooms, orc_0_dummy, serial_shops,
          shop, minivault_8

Skill      XL: |  1  2  3  4  5  6  7  8  9 10 11 |
---------------+----------------------------------+-----
Axes           | 3 4 5 6 7 9 11 12 | 12.6
Dodging        | 2 3 4 5 6 |  6.0
Evocations     | 1 2 3 4 5 6 |  6.7
Armour         | 2 3 4 6 |  6.0
Shields        | 1 2 3 |  3.4
Fighting       | 4 5 6 7 8 |  8.0
Stealth        | |  0.6

Action                   |  1- 3 |  4- 6 |  7- 9 | 10-12 || total
-------------------------+-------+-------+-------+-------++-------
Melee: Hand axe          |   117 |    80 |       |       ||   197
       War axe           |       |    57 |   295 |    88 ||   440
       Punch             |       |     4 |     6 |     2 ||    12
       Broad axe         |       |       |       |   193 ||   193
Throw: Throwing net      |       |       |       |     2 ||     2
Invok: Berserk           |       |     2 |     4 |     6 ||    12
       Trog's Hand       |       |       |     1 |       ||     1
Evoke: Wand              |       |       |       |     8 ||     8
  Use: Scroll            |       |       |     9 |     3 ||    12
       Potion            |       |       |     2 |     6 ||     8
 Stab: Sleeping          |     2 |       |       |       ||     2
Armor: Animal skin       |    23 |       |       |       ||    23
       Chain mail        |    21 |    38 |   137 |   129 ||   325
Dodge: Dodged            |    68 |    76 |   233 |   239 ||   616
Block: Other             |    13 |    28 |    90 |    76 ||   207
       Reflection        |       |       |     7 |     3 ||    10
